 Dungeon Crawl Stone Soup version 0.20.0-10-g0535bb4 (webtiles) character file.

52 sagitran the Sneak (level 3, -6/16 HPs)
             Began as a Vine Stalker Enchanter on June 7, 2017.
             Mangled by Crazy Yiuf
             ... wielding a +3 quarterstaff of chaos
              (16 damage)
             ... on level 2 of the Dungeon.
             The game lasted 00:31:37 (1624 turns).

sagitran the Sneak (Vine Stalker Enchanter)         Turns: 1624, Time: 00:31:38

Health: -6/16      AC:  2    Str: 10    XL:     3   Next: 85%
Magic:  0/7        EV: 12    Int: 16    God:
Gold:   111        SH:  0    Dex: 14    Spells: 3/6 levels left

rFire    . . .     SeeInvis .   a - +1 dagger
rCold    . . .     Gourm    .   (no shield)
rNeg     . . .     Faith    .   b - +0 robe
rPois    .         Spirit   +   (no helmet)
rElec    .         Reflect  .   (no cloak)
rCorr    .         Harm     .   (no gloves)
MR       .....                  (no boots)
Stlth    +++.......             (no amulet)
Regen    0.1/turn               (no ring)
MPRegen  0.1/turn               (no ring)

@: no status effects
A: fangs 2, magic shield, antimagic bite, no potion heal 3, rot immunity
a: no special abilities


You were on level 2 of the Dungeon.
You were not hungry.

You visited 1 branch of the dungeon, and saw 2 of its levels.

You collected 111 gold pieces.

Inventory:

Hand Weapons
 a - a +1 dagger (weapon)
 j - a +0 hunting sling
Missiles
 e - 92 stones (quivered)
Armour
 b - a +0 robe (worn)
Scrolls
 h - a scroll of identify
 i - a scroll of blinking
 k - a scroll of teleportation {unknown}
Potions
 f - a potion of curing
Books
 c - a book of Maledictions

   Spells                             Type                      Level
   a - Corona                         Hexes                        1
   b - Ensorcelled Hibernation        Hexes/Ice                    2
   c - Confuse                        Hexes                        3
   d - Tukima's Dance                 Hexes                        3
   e - Dazzling Spray                 Conjuration/Hexes            3
Comestibles
 d - a bread ration
 g - 2 royal jellies
 l - 2 chunks of flesh


   Skills:
 + Level 0.1 Fighting
 + Level 1.4 Short Blades
 + Level 1.8 Dodging
 + Level 4.4 Stealth
 + Level 2.3 Spellcasting
 + Level 3.5 Hexes


You had 3 spell levels left.
You knew the following spells:

 Your Spells              Type           Power        Failure   Level  Hunger
a - Corona                Hex            ##.....      4%          1    #......
b - Ensorcelled Hibernat  Hex/Ice        #.....       14%         2    ###....


Dungeon Overview and Level Annotations

Branches:
Dungeon (2/15)

Altars:

Annotations:
D:2 Crazy Yiuf


Innate Abilities, Weirdness & Mutations

You have extremely sharp teeth.
When hurt, damage is shared between your health and your magic reserves.
Your bite disrupts and absorbs the magic of your enemies.
Potions cannot restore your health.
You are immune to rotting.


Message History

You hit the fungus but do no damage. You bite the fungus, but do no damage.
The fungus is almost destroyed.
You hit the fungus but do no damage.
The fungus is almost destroyed.
You hit the fungus.
The fungus is almost destroyed.
You hit the fungus.
You destroy the fungus!
Found a runed door.
You open the door.
Crazy Yiuf the Enlightened comes into view.
He is wielding a quarterstaff of chaos.
Found a mace.
Crazy Yiuf shouts!
There is an open door here.
Crazy Yiuf barely misses you.
You closely miss Crazy Yiuf.
Crazy Yiuf hits you with a quarterstaff of chaos!
You are electrocuted!
Ouch! That really hurt!
You die...

#########..#
♣P.P♣♣
#####..####.
...........#
♣.PP♣
#....<.# #.
#########..#
♣♣.♣♣
#####.## #.
#...# ♣.♣♣
#.# #. #...#
♣♣.♣ #.# #.
#...# ♣.♣♣
#.# ## #...#
♣♣.♣ #.#
#########.##
##'##
#####.#
<.........#
#.@.#
#.....#
###########
#.g.#
#######
#..)#
########
#####
#.......
#####.######
#.......#
#########


You could see Crazy Yiuf.

Vanquished Creatures
  A gnoll (D:1)
  An adder (D:2)
  A dart slug (D:2)
  2 leopard geckos
  A giant cockroach (D:1)
  5 goblins (D:1)
  3 hobgoblins
  3 jackals (D:1)
  A ball python (D:2)
  3 frilled lizards
  6 kobolds
  3 rats
  A fungus (D:2)
31 creatures vanquished.

Vanquished Creatures (others)
  2 bats (D:1)
2 creatures vanquished.

Grand Total: 33 creatures vanquished

Notes
Turn   | Place    | Note
-------+----------+-------------------------------------------
     0 | D:1      | sagitran the Vine Stalker Enchanter began the quest for the Orb.
     0 | D:1      | Reached XP level 1. HP: 9/9 MP: 4/4
    44 | D:1      | Reached skill level 1 in Short Blades
   108 | D:1      | Reached XP level 2. HP: 13/13 MP: 6/6
   313 | D:1      | Learned a level 2 spell: Ensorcelled Hibernation
   327 | D:1      | Reached skill level 4 in Stealth
   548 | D:1      | Reached XP level 3. HP: 8/16 MP: 2/7
  1617 | D:2      | Found a runed door.
  1621 | D:2      | Noticed Crazy Yiuf
  1624 | D:2      | Mangled by Crazy Yiuf

Skill      XL: |  1  2 |
---------------+-------+-----
Short Blades   | 1 |  1.4
Stealth        | 4 |  4.4
Fighting       | |  0.1
Dodging        | |  1.8
Spellcasting   | |  2.3
Hexes          | |  3.5

Action                   || total
-------------------------++-------
Melee: Dagger            ||    83
       Bite              ||    21
 Cast: Ensorcelled Hiber ||     1
  Use: Scroll            ||     3
       Potion            ||     3
 Stab: Sleeping          ||     9
       Distracted        ||     1
  Eat: Royal jelly       ||     1
Armor: Robe              ||     4
Dodge: Dodged            ||    44
